 Dungeon Crawl Stone Soup version 0.29-a0-620-g13ace881f2 (webtiles) character file.

Game seed: 1766100686996254006

371 Patoropollo the Skirmisher (level 6, -3/56 HPs)
             Began as a Hill Orc Fighter on June 19, 2022.
             Slain by a gnoll
             ... wielding a +0 flail
              (5 damage)
             ... on level 4 of the Dungeon.
             The game lasted 00:04:03 (3182 turns).

Patoropollo the Skirmisher (Hill Orc Fighter)       Turns: 3182, Time: 00:04:04

Health: -3/56      AC: 13    Str: 21    XL:     6   Next: 70%
Magic:  8/8        EV:  6    Int:  8    God:
Gold:   246        SH:  4    Dex: 10    Spells: 5/5 levels left

rFire   . . .      SeeInvis .   a - +0 war axe
rCold   . . .      Faith    .   c - +0 buckler
rNeg    . . .      Spirit   .   w - +0 plate armour
rPois   .          Reflect  .   (no helmet)
rElec   .          Harm     .   b - +0 cloak
rCorr   .          Rampage  .   (no gloves)
Will    .....                   (no boots)
Stlth   ..........              (no amulet)
HPRegen 0.18/turn               (no ring)
MPRegen 0.11/turn               (no ring)

@: no status effects
A: no striking features
a: no special abilities


You were on level 4 of the Dungeon.
You visited 1 branch of the dungeon, and saw 4 of its levels.

You collected 246 gold pieces.

Inventory:

Hand Weapons
 a - a +0 war axe (weapon)
Armour
 b - a +0 cloak (worn)
 c - a +0 buckler (worn)
 w - a +0 plate armour (worn)
Jewellery
 q - an amulet of the acrobat
Wands
 t - a wand of flame (26)
 x - a wand of polymorph (5)
 B - a wand of iceblast (7)
Scrolls
 g - a scroll of brand weapon {unknown}
 i - a scroll of blinking {unknown}
 j - a scroll of vulnerability {unknown}
 k - 2 scrolls of summoning {unknown}
 l - a scroll of acquirement {unknown}
 m - a scroll of enchant weapon {unknown}
 n - a scroll of poison {unknown}
 o - 2 scrolls of fog {unknown}
 p - 5 scrolls of identify {unknown}
 s - a scroll of noise {unknown}
 v - a scroll of fear {unknown}
 y - a scroll of enchant armour {unknown}
 A - a scroll of teleportation {unknown}
Potions
 d - 5 potions of might
 e - a potion of degeneration {unknown}
 f - a potion of flight {unknown}
 h - a potion of cancellation {unknown}
 r - a potion of lignification {unknown}
 u - 2 potions of brilliance {unknown}
 z - a potion of heal wounds {unknown}


   Skills:
 + Level 5.1 Fighting
 + Level 4.6 Axes
 + Level 4.6 Armour
 + Level 4.6 Shields
 + Level 3.6 Invocations


You had 5 spell levels left.
You didn't know any spells.
Your spell library contained the following spells:

 Spells                   Type           Power      Damage    Failure   Level
 Tukima's Dance           Hex            0%         N/A       100%        3
 Passage of Golubria      Tloc           0%         N/A       100%        4
 Yara's Violent Unravell  Hex/Tmut       0%         3d3       100%        5


Dungeon Overview and Level Annotations

Branches:
Dungeon (4/15)
 Temple: D:4-7

Altars:

Shops:
D:3 (   D:4 (


Message History

You kill the gnoll!
You hit the gnoll but do no damage. You completely miss the gnoll.
The gnoll hits you but does no damage. x3
You barely miss the gnoll.
The gnoll is lightly wounded.
You barely miss the gnoll. You slash the gnoll!
You kill the gnoll!
The gnoll hits you with a +0 whip.
* * * LOW HITPOINT WARNING * * *
You block the gnoll's attack. The gnoll hits you but does no damage.
The gnoll barely misses you.
You hit the gnoll.
The gnoll is moderately wounded.
You hit the gnoll. The gnoll hits you with a +0 whip.
* * * LOW HITPOINT WARNING * * *
You block the gnoll's attack.
You hit the gnoll.
The gnoll is heavily wounded.
You barely miss the gnoll. The gnoll hits you with a +0 whip.
* * * LOW HITPOINT WARNING * * *
The gnoll hits you but does no damage.
Unknown command.
You barely miss the gnoll.
The gnoll is heavily wounded.
You barely miss the gnoll. The gnoll barely misses you.
The gnoll hits you but does no damage. The gnoll barely misses you.
The gnoll hits you with a +0 flail.
* * * LOW HITPOINT WARNING * * *
Unknown command.
You barely miss the gnoll.
The gnoll is heavily wounded.
You closely miss the gnoll. The gnoll hits you with a +0 whip.
* * * LOW HITPOINT WARNING * * *
You block the gnoll's attack.
You closely miss the gnoll.
The gnoll is heavily wounded.
You barely miss the gnoll. The gnoll hits you with a +0 whip.
* * * LOW HITPOINT WARNING * * *
The gnoll hits you with a +0 flail.
You die...

########## #......... ###
#...[..... #.# #.........
#.# ##......... #.#
#.......... #.# #..)g......
#.###..@)......
#.##....g......
#.....>........ .......
#.##.###....... .......
#.##.# ....... .......
#.##............ ..J....
#.#####......... .......
#.#####.................
#####.......................


You could see 2 gnolls.

Vanquished Creatures
  A phantom (D:4)
  A necrophage (D:4)
  2 scorpions (D:4)
  An adder (D:3)
  2 gnolls (D:4)
  2 worms
  2 dart slugs (D:1)
  7 orcs
  7 bats
  5 endoplasms
  3 giant cockroaches
  2 goblins
  6 hobgoblins
  2 jackals (D:3)
  5 quokkas
  4 ball pythons
  5 frilled lizards
  4 kobolds
  5 rats
66 creatures vanquished.

Notes
Turn   | Place    | Note
-------+----------+-------------------------------------------
     0 | D:1      | Patoropollo the Hill Orc Fighter began the quest for the
                  | Orb.
     0 | D:1      | Reached XP level 1. HP: 19/19 MP: 1/1
   232 | D:1      | Reached XP level 2. HP: 27/27 MP: 2/2
   295 | D:1      | Found a faded altar of an unknown god.
   299 | D:1      | Reached skill level 1 in Invocations
   645 | D:1      | Reached XP level 3. HP: 33/33 MP: 3/3
   649 | D:1      | Reached skill level 4 in Fighting
  1735 | D:3      | Reached XP level 4. HP: 40/40 MP: 5/5
  2289 | D:3      | Found Qeenaesi's Weapon Shop.
  2628 | D:4      | Found Doetwi's Weapon Shop.
  2744 | D:4      | Noticed a phantom
  2747 | D:4      | Noticed a scorpion
  2760 | D:4      | Killed a scorpion
  2761 | D:4      | Reached XP level 5. HP: 14/47 MP: 6/6
  2767 | D:4      | Killed a phantom
  2768 | D:4      | Reached XP level 6. HP: 5/53 MP: 6/8
  3083 | D:4      | Reached skill level 5 in Fighting
  3182 | D:4      | HP: 2/56 [gnoll/+0 whip (2)]
  3182 | D:4      | Slain by a gnoll

Illustrated notes

Levels and vault maps discovered:
D:1:      ebering_trefoil_3fold, layout_basic, shapermc_ecumenical_altar_venn
D:2:      layout_rooms, grunt_decor_clamped, minmay_tripent
D:3:      layout_rooms, serial_shops, shop_fountains, serial_curves,
          eino_curves_02, eino_curves_03
D:4:      layout_basic, tgw_kikubaaqudgha, serial_shops,
          nicolae_inconvenience_store, serial_bayou_lagoon_a

Skill      XL: |  1  2  3  4  5  6 |
---------------+-------------------+-----
Axes           | 3 4 |  4.6
Invocations    | 1 2 3 |  3.6
Fighting       | 4 5 |  5.1
Armour         | 4 |  4.6
Shields        | 4 |  4.6

Action                   |  1- 3 |  4- 6 || total
-------------------------+-------+-------++-------
Melee: War axe           |    94 |    91 ||   185
       Unarmed           |       |     8 ||     8
Armor: Scale mail        |    48 |    11 ||    59
       Plate armour      |       |    54 ||    54
       Skin              |       |     1 ||     1
Dodge: Dodged            |    53 |    41 ||    94
Block: Buckler           |    24 |    28 ||    52

Table legend: (Time is in decaauts)
 A = Elapsed time spent in this place.
 B = Non-inter-level travel time spent in this place.
 C = Inter-level travel time spent in this place.
 D = Time resting spent in this place.
 E = Time spent auto-exploring this place.
 F = Levels seen in this place.
 G = Mean time per level.
                   A        B        C        D        E       F      G
               +--------+--------+--------+--------+--------+-----+--------+
         Total |   3248 |   3167 |     81 |      0 |   2658 |   4 |  812.0 |
       Dungeon |   3248 |   3167 |     81 |      0 |   2658 |   4 |  812.0 |
               +--------+--------+--------+--------+--------+-----+--------+

Top non-repeatable levels by time:
     D:3: 953 daAuts
     D:1: 855 daAuts
     D:2: 822 daAuts
     D:4: 617 daAuts
